 Dungeon Crawl Stone Soup version 0.23-a0-79-gaa8cc03057 (webtiles) character file.

68 Oravi the Gusty (level 4, -4/24 HPs)
             Began as a Tengu Air Elementalist on Aug 12, 2018.
             Slain by an orc
             ... wielding a +0 falchion
              (5 damage)
             ... on level 2 of the Dungeon.
             The game lasted 00:06:57 (2002 turns).

Oravi the Gusty (Tengu Air Elementalist)            Turns: 2002, Time: 00:06:58

Health: -4/24      AC:  6    Str:  8    XL:     4   Next: 19%
Magic:  1/9        EV: 10    Int: 17    God:
Gold:   85         SH:  0    Dex: 14    Spells: 2/8 levels left

rFire    + . .     SeeInvis .   f - +0 dagger
rCold    + . .     Gourm    .   (no shield)
rNeg     . . .     Faith    .   m - +1 ring mail {rF+}
rPois    .         Spirit   .   (helmet restricted)
rElec    .         Reflect  .   d - scarf {repulsion}
rCorr    .         Harm     .   (no gloves)
MR       .....                  (boots unavailable)
Stlth    +.........             (no amulet)
HPRegen  0.08/turn              b - ring of protection from cold
MPRegen  0.11/turn              (no ring)

@: repel missiles
A: beak, talons 3
a: no special abilities


You were on level 2 of the Dungeon.
You were not hungry.

You visited 1 branch of the dungeon, and saw 3 of its levels.

You collected 85 gold pieces.

Inventory:

Hand Weapons
 f - a +0 dagger (weapon)
Missiles
 e - 9 stones (quivered)
 l - 7 tomahawks
Armour
 a - a +0 robe
 d - a scarf of repulsion (worn)
 m - a +1 ring mail of fire resistance (worn)
Jewellery
 b - a ring of protection from cold (left hand)
Scrolls
 i - a scroll of remove curse {unknown}
 q - a scroll of identify {unknown}
 r - a scroll of amnesia {unknown}
Potions
 h - a potion of berserk rage {unknown}
 j - a potion of resistance {unknown}
 k - a potion of might {unknown}
 n - a potion of heal wounds {unknown}
 o - a potion of mutation {unknown}
 p - a potion of flight {unknown}
Comestibles
 c - 8 rations
 g - 2 chunks of flesh


   Skills:
 + Level 0.8 Fighting
 + Level 0.9 Armour
 - Level 2.1 Dodging
 - Level 2.0 Stealth
 + Level 2.6 Spellcasting
 + Level 2.9 Conjurations
 + Level 4.8 Air Magic


You had 2 spell levels left.
You knew the following spells:

 Your Spells              Type           Power        Failure   Level  Hunger
a - Shock                 Conj/Air       ###.         12%         1    #......
b - Swiftness             Chrm/Air       ##......     32%         2    ##.....
c - Static Discharge      Conj/Air       ###.....     34%         3    ###....

Your spell library contained the following spells:

 Spells                   Type           Power        Failure   Level  Hunger
 Lightning Bolt           Conj/Air       ###.......   97%         5    ######.
 Airstrike                Air            ###.......   61%         4    #####..


Dungeon Overview and Level Annotations

Branches:
Dungeon (3/15)

Altars:
Ashenzari
Gozag


Innate Abilities, Weirdness & Mutations

You have a beak for a mouth.
You have claws for feet.


Message History

The orc is moderately wounded.
The orc hits you with a mace. The orc hits you but does no damage.
You hit the orc.
The orc is heavily wounded.
The orc hits you with a mace.
* * * LOW HITPOINT WARNING * * *
The orc hits you but does no damage.
You barely miss the orc. Your kick misses the orc.
The orc is heavily wounded.
The orc hits you but does no damage.
You barely miss the orc. Your peck misses the orc.
The orc is heavily wounded.
The orc hits you with a falchion.
* * * LOW HITPOINT WARNING * * *
The orc hits you with a mace.
* * * LOW HITPOINT WARNING * * *
You hit the orc. You claw the orc, but do no damage.
The orc is almost dead.
The orc hits you with a falchion.
You die...

#.#...............# ###.
#.#.#####.........# #...
#.......+.........# #...
###########.#####.........#
#...
...##...........+........##
####
...##.###...#####........#
....#.# #.......b....>...#
...)#.# #..#####o##.....##
###...# #..# #@##.....#
##### #..# #o##.....#
#..#####.##.....#
##..#.....##.....#
#......#####.....#####
#......# #>........#
#......# #####.....#
#......# ### #.....#
###......# #.# #.....#


You could see 2 orcs and a bat.

Vanquished Creatures
  3 adders (D:2)
  An ooze (D:2)
  2 dart slugs (D:1)
  A leopard gecko (D:1)
  An orc (D:2)
  2 giant cockroaches (D:2)
  3 goblins
  5 hobgoblins
  3 kobolds (D:1)
  2 quokkas (D:2)
  2 bats (D:1)
  3 frilled lizards
  4 rats (D:1)
32 creatures vanquished.

Notes
Turn   | Place    | Note
-------+----------+-------------------------------------------
     0 | D:1      | Oravi the Tengu Air Elementalist began the quest for the Orb.
     0 | D:1      | Reached XP level 1. HP: 10/10 MP: 4/4
   349 | D:1      | Reached XP level 2. HP: 12/15 MP: 6/6
   642 | D:1      | Found a shattered altar of Ashenzari.
   763 | D:1      | Reached XP level 3. HP: 17/19 MP: 7/7
  1325 | D:2      | Learned a level 2 spell: Swiftness
  1329 | D:2      | Learned a level 3 spell: Static Discharge
  1980 | D:2      | Reached XP level 4. HP: 21/24 MP: 2/9
  1985 | D:3      | Found an opulent altar of Gozag.
  2001 | D:2      | HP: 1/24 [orc/mace (1)]
  2002 | D:2      | Slain by an orc

Vault maps used:
D:1:      dpeg_arrival_connections, minivault_5, evilmike_ruin_ashenzari
D:3:      nicolae_gozag_seed_capital, first_ration, serial_curves,
          eino_curves_02, eino_curves_04, yredelemnul_altar_generic

Skill      XL: |  1  2 |
---------------+-------+-----
Conjurations   | 2 |  2.9
Fighting       | |  0.8
Armour         | |  0.9
Dodging        | |  2.1
Stealth        | |  2.0
Spellcasting   | |  2.6
Air Magic      | |  4.8

Action                   |  1- 3 |  4- 6 || total
-------------------------+-------+-------++-------
Melee: Dagger            |    98 |    13 ||   111
       Unarmed           |     2 |       ||     2
       Kick              |    22 |     4 ||    26
       Peck              |    10 |     1 ||    11
Throw: Stone             |    96 |       ||    96
 Cast: Shock             |    18 |       ||    18
       Static Discharge  |       |     1 ||     1
  Use: Potion            |     1 |       ||     1
  Eat: Chunk             |     3 |     1 ||     4
Armor: Robe              |    19 |       ||    19
       Ring mail         |    25 |    16 ||    41
Dodge: Dodged            |    80 |    11 ||    91
       Deflected         |     5 |       ||     5

Table legend:
 A = Non-vault XP
 B = Vault XP
 C = Vault XP percentage of total XP
 D = Non-vault monster count
 E = Vault monster count
 F = Vault count percentage of total count
 G = Total turns spent on level
                 A         B        C        D         E       F
            +---------+---------+-------+---------+---------+-------
      Total |      98 |       0 |   0.0 |      32 |       0 |   0.0
            +---------+---------+-------+---------+---------+-------
        D:1 |      36 |       0 |   0.0 |      20 |       0 |   0.0
        D:2 |      60 |       0 |   0.0 |      11 |       0 |   0.0
        D:3 |       2 |       0 |   0.0 |       1 |       0 |   0.0
            +---------+---------+-------+---------+---------+-------
